[ AOE2 MATCH · #507073716 ]
UnrankedTatars vs Japanese
Player's team · LOSS
Rival team · WIN
[ REPLAY ANALYSIS · EXTRACTED FROM THE RECORDED GAME ]
Feudal
9:31
Castle
—
Imperial
—
| APM avg | 55.9 |
| APM peak | 80 |
| eAPM avg | 22.8 |
| Villagers / military | 54 / 20 |
Focus
⚔️ 43.0% · 🌾 57.0%
Skirmisher ×15 · Archer ×5
Feudal
8:54
Castle
—
Imperial
—
| APM avg | 65.7 |
| APM peak | 110 |
| eAPM avg | 23.7 |
| Villagers / military | 84 / 44 |
Focus
⚔️ 27.8% · 🌾 72.2%
Militia ×30 · Skirmisher ×14
Match map
Initial resources + every placement click. Lines = walls · curves = elevation contours. ◆ gold · ⬟ stone · ● berries · ✦ relic · ◌ wall gap
Your base· Open — unwalled flank
新竹's base· Open — unwalled flank
Smoothed initial terrain · ◌ = detected wall gap · hover for details
Inputs per minute
— Lootuskukka - - 新竹
Build order — Lootuskukka
141 actions detected in the replay
| 0:00 | Queue | Villager (Male) |
| 0:01 | Queue | Villager (Male) |
| 0:01 | Queue | Villager (Male) |
| 0:02 | Build | House |
| 0:03 | Build | House |
| 0:09 | Queue | Villager (Male) |
| 1:27 | Queue | Villager (Male) |
| 1:57 | Queue | Villager (Male) |
| 1:57 | Queue | Villager (Male) |
| 2:17 | Queue | Villager (Male) |
| 2:18 | Queue | Villager (Male) |
| 2:36 | Queue | Villager (Male) |
| 3:09 | Queue | Villager (Male) |
| 3:36 | Build | Lumber Camp |
| 3:45 | Queue | Villager (Male) |
| 3:46 | Queue | Villager (Male) |
| 4:03 | Build | House |
| 4:04 | Build | House |
| 4:08 | Queue | Villager (Male) |
| 4:08 | Queue | Villager (Male) |
| 4:08 | Queue | Villager (Male) |
| 4:59 | Queue | Villager (Male) |
| 5:11 | Queue | Villager (Male) |
| 5:39 | Queue | Villager (Male) |
| 6:03 | Build | Mining Camp |
| 6:12 | Queue | Villager (Male) |
| 6:12 | Research | Loom |
| 6:55 | Build | Palisade Wall |
| 6:56 | Build | Palisade Wall |
| 7:21 | Research | Feudal Age |
| 7:21 | Research | Feudal Age |
| 7:50 | Build | Barracks |
| 8:36 | Build | Palisade Wall |
| 8:39 | Build | Palisade Wall |
| 8:41 | Build | Palisade Wall |
| 8:43 | Build | Palisade Wall |
| 8:49 | Build | Palisade Wall |
| 8:50 | Build | Palisade Wall |
| 8:51 | Build | Palisade Wall |
| 9:00 | Queue | Villager (Male) |
| 9:31 | Age | Feudal Age |
| 9:34 | Build | Archery Range |
| 9:37 | Research | Double-Bit Axe |
| 9:37 | Queue | Villager (Male) |
| 10:00 | Build | Palisade Wall |
| 10:03 | Queue | Villager (Male) |
| 10:27 | Queue | Villager (Male) |
| 10:27 | Queue | Archer |
| 10:30 | Build | Mill |
| 10:43 | Queue | Archer |
| 10:56 | Build | Palisade Wall |
| 10:57 | Build | Palisade Wall |
| 11:02 | Queue | Archer |
| 11:05 | Queue | Villager (Male) |
| 11:16 | Queue | Villager (Male) |
| 11:31 | Build | House |
| 11:46 | Queue | Villager (Male) |
| 11:47 | Queue | Archer |
| 11:53 | Build | Lumber Camp |
| 12:06 | Build | Palisade Wall |
| 12:22 | Queue | Villager (Male) |
| 12:34 | Build | Palisade Wall |
| 12:34 | Build | Palisade Wall |
| 12:34 | Build | Palisade Wall |
| 12:44 | Queue | Archer |
| 12:45 | Queue | Villager (Male) |
| 12:53 | Build | House |
| 12:59 | Build | Palisade Wall |
| 13:00 | Build | Palisade Wall |
| 13:02 | Build | Palisade Wall |
| 13:08 | Queue | Villager (Male) |
| 13:10 | Build | Farm |
| 13:17 | Build | Palisade Wall |
| 13:17 | Build | Palisade Wall |
| 13:20 | Queue | Skirmisher |
| 13:30 | Queue | Villager (Male) |
| 13:35 | Build | House |
| 13:48 | Queue | Villager (Male) |
| 13:50 | Build | House |
| 13:54 | Queue | Skirmisher |
| 13:59 | Build | Farm |
| 14:24 | Queue | Skirmisher |
| 14:31 | Build | House |
| 14:31 | Queue | Villager (Male) |
| 14:38 | Queue | Skirmisher |
| 14:42 | Build | House |
| 14:59 | Build | Blacksmith |
| 15:05 | Queue | Villager (Male) |
| 15:05 | Queue | Villager (Male) |
| 15:13 | Queue | Villager (Male) |
| 15:23 | Build | Farm |
| 15:34 | Queue | Villager (Male) |
| 15:35 | Queue | Skirmisher |
| 15:49 | Queue | Skirmisher |
| 15:57 | Build | Farm |
| 15:58 | Queue | Villager (Male) |
| 16:07 | Build | Farm |
| 16:14 | Queue | Skirmisher |
| 16:14 | Queue | Skirmisher |
| 16:19 | Build | House |
| 16:24 | Research | Fletching |
| 16:39 | Build | Farm |
| 16:45 | Build | Farm |
| 17:04 | Queue | Skirmisher |
| 17:04 | Queue | Villager (Male) |
| 17:15 | Build | House |
| 17:16 | Build | Palisade Wall |
| 17:19 | Build | Mining Camp |
| 17:20 | Queue | Skirmisher |
| 17:26 | Queue | Villager (Male) |
| 17:39 | Build | Mining Camp |
| 17:53 | Build | Watch Tower |
| 18:04 | Queue | Villager (Male) |
| 18:05 | Queue | Skirmisher |
| 18:05 | Queue | Villager (Male) |
| 18:06 | Queue | Villager (Male) |
| 18:13 | Queue | Villager (Male) |
| 18:21 | Queue | Skirmisher |
| 18:22 | Queue | Skirmisher |
| 18:25 | Build | Farm |
| 18:25 | Build | Farm |
| 18:26 | Build | Farm |
| 19:00 | Build | Farm |
| 19:00 | Build | Farm |
| 19:01 | Build | Farm |
| 19:19 | Build | Farm |
| 19:20 | Queue | Villager (Male) |
| 19:20 | Queue | Villager (Male) |
| 19:35 | Build | Farm |
| 19:47 | Queue | Villager (Male) |
| 20:05 | Build | Watch Tower |
| 20:15 | Queue | Villager (Male) |
| 20:16 | Build | Farm |
| 21:07 | Queue | Skirmisher |
| 21:07 | Queue | Skirmisher |
| 21:08 | Queue | Villager (Male) |
| 21:08 | Queue | Villager (Male) |
| 21:09 | Queue | Villager (Male) |
| 21:09 | Queue | Villager (Male) |
| 21:48 | Queue | Villager (Male) |
| 21:48 | Queue | Villager (Male) |
Build order — 新竹
First 150 of 174 actions detected
| 0:00 | Queue | Villager (Male) |
| 0:01 | Queue | Villager (Male) |
| 0:01 | Queue | Villager (Male) |
| 0:02 | Build | House |
| 0:04 | Build | House |
| 0:15 | Queue | Villager (Male) |
| 0:15 | Queue | Villager (Male) |
| 0:16 | Queue | Villager (Male) |
| 1:29 | Queue | Villager (Male) |
| 1:30 | Queue | Villager (Male) |
| 1:30 | Queue | Villager (Male) |
| 1:30 | Queue | Villager (Male) |
| 2:03 | Queue | Villager (Male) |
| 2:03 | Queue | Villager (Male) |
| 2:03 | Queue | Villager (Male) |
| 2:23 | Queue | Villager (Male) |
| 2:23 | Queue | Villager (Male) |
| 2:23 | Queue | Villager (Male) |
| 2:35 | Build | Lumber Camp |
| 2:49 | Queue | Villager (Male) |
| 2:50 | Queue | Villager (Male) |
| 2:50 | Queue | Villager (Male) |
| 2:50 | Queue | Villager (Male) |
| 3:00 | Build | House |
| 3:13 | Queue | Villager (Male) |
| 3:13 | Queue | Villager (Male) |
| 3:14 | Queue | Villager (Male) |
| 3:55 | Queue | Villager (Male) |
| 3:55 | Queue | Villager (Male) |
| 3:56 | Queue | Villager (Male) |
| 4:23 | Queue | Villager (Male) |
| 4:24 | Queue | Villager (Male) |
| 5:10 | Build | Mining Camp |
| 5:20 | Queue | Villager (Male) |
| 5:20 | Queue | Villager (Male) |
| 5:30 | Build | House |
| 5:50 | Build | Palisade Wall |
| 5:51 | Build | Palisade Wall |
| 5:55 | Research | Loom |
| 5:56 | Research | Loom |
| 6:44 | Research | Feudal Age |
| 7:25 | Build | House |
| 7:28 | Build | Mill |
| 7:51 | Build | Barracks |
| 7:55 | Build | House |
| 8:35 | Queue | Militia ×4 |
| 8:35 | Queue | Militia ×4 |
| 8:35 | Queue | Militia ×4 |
| 8:54 | Age | Feudal Age |
| 8:56 | Research | Man-at-Arms (upgrade) |
| 8:57 | Research | Man-at-Arms (upgrade) |
| 9:03 | Build | Watch Tower |
| 9:08 | Queue | Villager (Male) |
| 9:08 | Queue | Villager (Male) |
| 9:08 | Queue | Villager (Male) |
| 9:12 | Build | Farm |
| 9:34 | Queue | Villager (Male) |
| 9:34 | Queue | Villager (Male) |
| 9:34 | Queue | Villager (Male) |
| 10:01 | Queue | Villager (Male) |
| 10:01 | Queue | Villager (Male) |
| 10:01 | Queue | Villager (Male) |
| 10:02 | Queue | Villager (Male) |
| 10:42 | Queue | Villager (Male) |
| 10:42 | Queue | Villager (Male) |
| 10:42 | Queue | Villager (Male) |
| 10:42 | Queue | Villager (Male) |
| 10:51 | Build | Palisade Wall |
| 10:55 | Build | Palisade Wall |
| 10:56 | Build | Palisade Wall |
| 11:11 | Build | Archery Range |
| 11:20 | Research | Double-Bit Axe |
| 11:21 | Research | Double-Bit Axe |
| 11:21 | Research | Double-Bit Axe |
| 11:40 | Queue | Villager (Male) |
| 11:40 | Queue | Villager (Male) |
| 11:53 | Build | Mining Camp |
| 11:55 | Queue | Skirmisher |
| 11:55 | Queue | Skirmisher |
| 12:04 | Build | House |
| 12:17 | Queue | Villager (Male) |
| 12:18 | Queue | Villager (Male) |
| 12:18 | Queue | Villager (Male) |
| 12:18 | Queue | Villager (Male) |
| 12:27 | Queue | Skirmisher |
| 12:27 | Queue | Skirmisher |
| 12:27 | Queue | Skirmisher |
| 12:33 | Build | Blacksmith |
| 12:34 | Build | House |
| 12:39 | Build | House |
| 12:48 | Queue | Skirmisher |
| 13:06 | Build | Mill |
| 13:10 | Queue | Skirmisher |
| 13:25 | Queue | Skirmisher |
| 13:30 | Build | Farm |
| 13:42 | Queue | Villager (Male) |
| 13:42 | Queue | Villager (Male) |
| 13:42 | Queue | Villager (Male) |
| 13:44 | Build | House |
| 13:45 | Build | House |
| 14:11 | Build | Farm |
| 14:19 | Research | Fletching |
| 14:19 | Research | Fletching |
| 14:19 | Research | Fletching |
| 14:32 | Queue | Skirmisher ×2 |
| 14:32 | Queue | Skirmisher ×2 |
| 14:43 | Queue | Villager (Male) |
| 14:43 | Queue | Villager (Male) |
| 14:44 | Queue | Villager (Male) |
| 14:44 | Queue | Villager (Male) |
| 15:16 | Build | Watch Tower |
| 15:19 | Queue | Villager (Male) |
| 15:19 | Queue | Villager (Male) |
| 15:20 | Queue | Villager (Male) |
| 15:20 | Queue | Villager (Male) |
| 15:23 | Build | Lumber Camp |
| 15:26 | Build | Farm |
| 15:27 | Build | Farm |
| 15:52 | Queue | Villager (Male) |
| 15:52 | Queue | Villager (Male) |
| 15:53 | Queue | Villager (Male) |
| 15:54 | Build | Farm |
| 15:55 | Build | Farm |
| 16:06 | Build | Palisade Wall |
| 16:06 | Build | Palisade Wall |
| 17:14 | Build | Mining Camp |
| 17:17 | Queue | Villager (Male) |
| 17:20 | Queue | Skirmisher |
| 17:20 | Queue | Skirmisher |
| 17:27 | Queue | Villager (Male) |
| 17:27 | Queue | Villager (Male) |
| 17:28 | Queue | Villager (Male) |
| 17:29 | Build | Farm |
| 17:44 | Build | Watch Tower |
| 17:51 | Queue | Villager (Male) |
| 18:23 | Research | Scale Mail Armor |
| 18:24 | Research | Scale Mail Armor |
| 18:48 | Queue | Villager (Male) |
| 18:48 | Queue | Villager (Male) |
| 18:48 | Queue | Villager (Male) |
| 18:49 | Build | Farm |
| 18:50 | Build | Farm |
| 18:50 | Build | Farm |
| 19:09 | Queue | Villager (Male) |
| 19:09 | Queue | Villager (Male) |
| 19:14 | Build | Watch Tower |
| 19:19 | Queue | Militia ×3 |
| 19:20 | Queue | Militia ×3 |
| 19:20 | Queue | Militia ×3 |
| 19:31 | Build | Farm |
Match timeline
| 5:50 | 新竹 · wall_segment Palisade Wall x1 |
| 5:51 | 新竹 · wall_segment Palisade Wall x1 |
| 6:55 | Lootuskukka · wall_segment Palisade Wall x1 |
| 6:56 | Lootuskukka · wall_segment Palisade Wall x1 |
| 7:50 | Lootuskukka · first_building Barracks |
| 7:51 | 新竹 · first_building Barracks |
| 8:36 | Lootuskukka · wall_segment Palisade Wall x1 |
| 8:39 | Lootuskukka · wall_segment Palisade Wall x1 |
| 8:41 | Lootuskukka · wall_segment Palisade Wall x1 |
| 8:43 | Lootuskukka · wall_segment Palisade Wall x1 |
| 8:49 | Lootuskukka · wall_segment Palisade Wall x1 |
| 8:50 | Lootuskukka · wall_segment Palisade Wall x1 |
| 8:51 | Lootuskukka · wall_segment Palisade Wall x1 |
| 8:54 | 新竹 · age_up feudal |
| 9:31 | Lootuskukka · age_up feudal |
| 9:34 | Lootuskukka · first_building Archery Range |
| 10:00 | Lootuskukka · wall_segment Palisade Wall x1 |
| 10:51 | 新竹 · wall_segment Palisade Wall x3 |
| 10:55 | 新竹 · wall_segment Palisade Wall x2 |
| 10:56 | 新竹 · wall_segment Palisade Wall x1 |
| 10:56 | Lootuskukka · wall_segment Palisade Wall x1 |
| 10:57 | Lootuskukka · wall_segment Palisade Wall x3 |
| 11:11 | 新竹 · first_building Archery Range |
| 12:06 | Lootuskukka · wall_segment Palisade Wall x1 |
| 12:34 | Lootuskukka · wall_segment Palisade Wall x1 |
| 12:34 | Lootuskukka · wall_segment Palisade Wall x1 |
| 12:34 | Lootuskukka · wall_segment Palisade Wall x1 |
| 12:59 | Lootuskukka · wall_segment Palisade Wall x1 |
| 13:00 | Lootuskukka · wall_segment Palisade Wall x1 |
| 13:02 | Lootuskukka · wall_segment Palisade Wall x9 |
| 13:17 | Lootuskukka · wall_segment Palisade Wall x1 |
| 13:17 | Lootuskukka · wall_segment Palisade Wall x1 |
| 16:06 | 新竹 · wall_segment Palisade Wall x2 |
| 16:06 | 新竹 · wall_segment Palisade Wall x2 |
| 17:16 | Lootuskukka · wall_segment Palisade Wall x2 |
| 19:59 | 新竹 · wall_segment Palisade Wall x1 |
| 21:01 | 新竹 · wall_segment Palisade Wall x1 |
| 21:55 | Lootuskukka · resign |
[ AI ANALYSIS · 1 CREDIT ]
What really happened in this match?
Wolo.gg analyzes every decision: build order, eco, micro, common mistakes by bracket. Personalized analysis on WhatsApp or Discord in 30 seconds.
Civ guide
Tatars
Perfil
Jugador #18413060